 Dungeon Crawl Stone Soup version 0.29-a0-393-g47a863cc1b (console) character file.

Game seed: 3779588106373184900

12320 om the Nimble (level 11, -10/100 HPs)
             Began as a Purple Draconian Ice Elementalist on Mar 1, 2021.
             Was a Priest of Vehumet.
             Killed from afar by a gargoyle (22 damage)
             ... with a stone arrow
             ... on level 12 of the Dungeon on May 10, 2022.
             The game lasted 00:50:14 (17217 turns).

om the Nimble (Purple Draconian Ice Elementalist)  Turns: 17217, Time: 00:50:15

Health: -10/100    AC:  8    Str: 12    XL:     11   Next: 60%
Magic:  29/32      EV: 13    Int: 17    God:    Vehumet [***...]
Gold:   434        SH:  0    Dex: 12    Spells: 6/26 levels left

rFire   x . .      SeeInvis .   (weapon currently unavailable)
rCold   + + +      Faith    .   (shield currently unavailable)
rNeg    . . .      Spirit   .   (body armour unavailable)
rPois   +          Reflect  .   (helmet currently unavailable)
rElec   .          Harm     .   (cloak currently unavailable)
rCorr   .          Rampage  .   (gloves currently unavailable)
Will    +....                   (boots currently unavailable)
Stlth   ++........              (no amulet)
HPRegen 0.26/turn               a - +4 ring of protection
MPRegen 0.23/turn               d - ring of magical power

@: ice-form, corroded
A: freezing attack, amphibious, boosted hp, (breathe power), AC +7, large,
unfitting armour, (cold-blooded)
a: End Transformation, Renounce Religion


You were on level 12 of the Dungeon.
You worshipped Vehumet.
Vehumet was most pleased with you.
You were a creature of crystalline ice.
You visited 3 branches of the dungeon, and saw 14 of its levels.

You collected 616 gold pieces.
You spent 182 gold pieces at shops.

Inventory:

Hand Weapons
 i - a +0 quarterstaff (melded)
Missiles
 B - a throwing net
Armour
 k - a +0 cloak (melded)
 m - a +0 pair of gloves (melded)
Jewellery
 a - a +4 ring of protection (left front paw)
 b - a ring of fire
 d - a ring of magical power (right front paw)
 h - an amulet of the acrobat
 y - a +4 ring of evasion
 z - a ring of fire
 C - a ring of protection from cold
Wands
 v - a wand of flame (20)
 E - a wand of iceblast (3)
Scrolls
 e - 4 scrolls of teleportation
 f - 4 scrolls of enchant armour
 g - 2 scrolls of magic mapping
 o - a scroll of immolation
 p - 3 scrolls of fear
 q - a scroll of teleportation
 r - 2 scrolls of fog
 w - a scroll of amnesia
 D - a scroll of brand weapon {unknown}
 F - a scroll of summoning {unknown}
Potions
 c - a potion of ambrosia
 j - 5 potions of curing
 l - 3 potions of haste
 n - 4 potions of lignification
 s - 2 potions of resistance
 u - 2 potions of flight
 x - 3 potions of berserk rage
 A - 2 potions of attraction
Miscellaneous
 G - a condenser vane


   Skills:
 - Level 4.0 Fighting
 - Level 6.0 Staves
 * Level 9.5 Dodging
 - Level 3.0 Stealth
 + Level 8.1 Spellcasting
 - Level 5.0 Conjurations
 * Level 6.9 Transmutations
 + Level 8.7 Ice Magic
 - Level 2.0 Poison Magic


You had 6 spell levels left.
You knew the following spells:

 Your Spells              Type           Power      Damage    Failure   Level
a - Freeze                Ice            100%       1d11      1%          1
b - Frozen Ramparts       Ice            72%        1d9       1%          3
c - Ozocubu's Armour      Ice            36%        N/A       1%          3
d - Magic Dart            Conj           92%        1d7       1%          1
e - Hailstorm             Conj/Ice       30%        3d8       1%          4
f - Sandblast             Erth           12%        2d6       3%          1
g - Ice Form              Ice/Tmut       33%        N/A       4%          4
h - Mephitic Cloud        Conj/Pois/Air  14%        N/A       3%          3

Your spell library contained the following spells:

 Spells                   Type           Power      Damage    Failure   Level
 Olgreb's Toxic Radiance  Pois           13%        N/A       12%         4
 Beastly Appendage        Tmut           60%        N/A       1%          1
 Wereblood                Tmut           30%        N/A       1%          2
 Spider Form              Tmut/Pois      22%        N/A       4%          3
 Blink                    Tloc           12%        N/A       16%         2
 Blade Hands              Tmut           15%        N/A       16%         5
 Summon Ice Beast         Ice/Summ       21%        N/A       17%         4
 Lesser Beckoning         Tloc           6%         N/A       30%         3
 Manifold Assault         Tloc           6%         N/A       96%         5
 Borgnjor's Revivificati  Necr           3%         N/A       100%        8
 Infestation              Necr           3%         N/A       100%        8
 Necromutation            Tmut/Necr      9%         N/A       100%        8
 Death's Door             Necr           3%         N/A       100%        9


Dungeon Overview and Level Annotations

Branches:
Dungeon (12/15)            Temple (0/1) D:6            Lair (1/6) D:10
    Orc (1/2) D:9

Altars:
Dithmenos
Elyvilon
Fedhas
Kikubaaqudgha
Makhleb
Nemelex Xobeh
Okawaru
Sif Muna
Trog
Vehumet
Wu Jian
Yredelemnul
The Shining One

Shops:
D:4 ?   D:5 ?(

Annotations:
D:3 Sigmund
D:7 2 transporters, Menkaure


Innate Abilities, Weirdness & Mutations

You are a creature of crystalline ice.
You have a powerful freezing melee attack.
You are amphibious.
Your maximum health is increased.
Your armour is entirely melded.
You are incapable of wielding weapons or throwing items.
((You can breathe bolts of dispelling energy.))
((Your rich purple scales are hard. (AC +7)))
You cannot fit into any form of body armour.
((You are cold-blooded and may be slowed by cold attacks.))


Message History

The stone arrow misses you.
You punch the brown ugly thing! You freeze the brown ugly thing.
The brown ugly thing is heavily wounded.
The brown ugly thing misses you.
You punch the brown ugly thing! You freeze the brown ugly thing.
The brown ugly thing is severely wounded.
The brown ugly thing barely misses you.
The gargoyle hurls a stone arrow at you.
The stone arrow hits you!
You punch the brown ugly thing! You freeze the brown ugly thing.
The brown ugly thing is almost dead.
The brown ugly thing gores you but does no damage.
You hit the brown ugly thing but do no damage.
The brown ugly thing is almost dead.
The brown ugly thing closely misses you.
The gargoyle hurls a stone arrow at you.
The stone arrow hits you!!
You hit the brown ugly thing. You freeze the brown ugly thing.
The brown ugly thing is almost dead.
The brown ugly thing gores you! The acid corrodes you!
You are splashed with acid!
The gargoyle hurls a stone arrow at you.
The stone arrow misses you.
You hit the brown ugly thing but do no damage.
The brown ugly thing is almost dead.
The brown ugly thing barely misses you.
You feel much better. The brown ugly thing gores you.
You are splashed with acid!
The gargoyle misses you.
You barely miss the brown ugly thing.
The brown ugly thing is almost dead.
The brown ugly thing gores you!
You are splashed with acid!
The gargoyle hurls a stone arrow at you.
The stone arrow hits you!!
* * * LOW HITPOINT WARNING * * *
You hit the brown ugly thing. You freeze the brown ugly thing.
The brown ugly thing is almost dead.
The brown ugly thing closely misses you.
The gargoyle hurls a stone arrow at you.
The stone arrow hits you!!
You die...

#..###...##
###...##
#........###......#
#................##
##............####
#####........#####
...........###
...........#
##.......#
##..Y..## ##u9..#
#....# ......#
#......# .......#
........#
.........#


You could see a brown ugly thing and a gargoyle.

Vanquished Creatures
  A two-headed ogre (D:10)
  Pikel (D:4)
  A cyclops (D:10)
  A manticore (D:11)
  2 cane toads
  3 trolls
  A hornet (D:10)
  A centaur simulacrum (D:10)
  2 shadows
  A wyvern (D:8)
  2 basilisks
  6 wraiths
  6 yaks
  An acid dragon (D:10)
  4 water moccasins
  A sky beast (D:8)
  7 black bears
  An ice beast (D:9)
  5 ogres
  2 necrophages (D:7)
  7 orc warriors
  11 centaurs
  A phantom (D:9)
  4 kobold brigands (D:9)
  A lemure (D:4)
  11 bullfrogs
  4 gnoll sergeants (D:9)
  A scorpion (D:8)
  4 killer bees (D:8)
  An electric eel (D:10)
  5 howler monkeys
  A lava snake (D:10)
  A bullfrog zombie (D:8)
  2 quasits
  4 hounds
  A jelly (D:5)
  2 centaur skeletons
  5 orc priests
  Crazy Yiuf (D:3)
  2 bullfrog skeletons
  A gnoll shaman (D:5)
  2 iguanas
  Jessica (D:2)
  7 orc wizards
  3 removed worker ants
  A hound zombie (D:8)
  A hound skeleton (D:7)
  14 gnolls
  8 adders
  A howler monkey skeleton (D:6)
  2 shadow imps
  A white imp (D:9)
  2 ufetubi
  An endoplasm (D:2)
  2 adder skeletons
  2 adder zombies
  5 worms
  32 orcs
  6 removed leopard geckos
  6 giant cockroaches
  8 goblins
  10 hobgoblins
  15 kobolds
  5 quokkas
  2 ball pythons
  8 bats
  7 frilled lizards
  A quokka skeleton (D:7)
  5 rats
277 creatures vanquished.

Vanquished Creatures (others)
  2 orc wizards
  25 fungi
  32 plants
59 creatures vanquished.

Grand Total: 336 creatures vanquished

Notes
Turn   | Place    | Note
-------+----------+-------------------------------------------
     0 | D:1      | om the Draconian Ice Elementalist began the quest for the
                  | Orb.
     0 | D:1      | Reached XP level 1. HP: 14/14 MP: 3/3
   312 | D:1      | Reached XP level 2. HP: 17/20 MP: 1/5
   409 | D:1      | Reached skill level 2 in Dodging
  1211 | D:2      | Reached XP level 3. HP: 20/26 MP: 4/6
  1215 | D:2      | Learned a level 3 spell: Frozen Ramparts
  1554 | D:2      | Learned a level 3 spell: Ozocubu's Armour
  2014 | D:2      | Noticed Jessica
  2020 | D:2      | Killed Jessica
  2021 | D:2      | Reached XP level 4. HP: 33/33 MP: 3/8
  3183 | D:3      | Reached XP level 5. HP: 3/38 MP: 5/9
  3883 | D:3      | Found a runed translucent door.
  3884 | D:3      | Noticed Crazy Yiuf
  4060 | D:3      | Reached skill level 5 in Ice Magic
  4243 | D:3      | Noticed Sigmund
  4501 | D:3      | Killed Crazy Yiuf
  4666 | D:4      | Reached XP level 6. HP: 39/45 MP: 7/11
  5021 | D:4      | Noticed Pikel
  5033 | D:4      | Killed Pikel
  5034 | D:4      | Reached skill level 3 in Dodging
  5034 | D:4      | Your scales start taking on a rich purple colour.
  5034 | D:4      | Reached XP level 7. HP: 39/50 MP: 3/14
  5157 | D:4      | Found Ciwim's Magic Scroll Shop.
  5168 | D:4      | Bought 2 scrolls of fear for 84 gold pieces
  5168 | D:4      | Bought a scroll of teleportation for 36 gold pieces
  5168 | D:4      | Bought a scroll of fog for 24 gold pieces
  5213 | D:4      | Found a white marble altar of Elyvilon.
  5316 | D:4      | Found a sparkling altar of Nemelex Xobeh.
  5330 | D:4      | Found a burning altar of Makhleb.
  5332 | D:4      | Found a radiant altar of Vehumet.
  5333 | D:4      | Found an iron altar of Okawaru.
  5340 | D:4      | Became a worshipper of Vehumet
  5379 | D:4      | Found a shimmering blue altar of Sif Muna.
  5919 | D:5      | Entered Level 5 of the Dungeon
  6007 | D:5      | Found a blossoming altar of Fedhas.
  6056 | D:5      | Reached skill level 4 in Dodging
  6177 | D:5      | Reached skill level 5 in Staves
  6177 | D:5      | Reached XP level 8. HP: 35/57 MP: 8/15
  6490 | D:5      | Found Vuygi's Magic Scroll Emporium.
  6495 | D:5      | Bought a scroll of fear for 38 gold pieces
  6523 | D:5      | Found Yfytriko's Weapon Emporium.
  6570 | D:5      | Found a shadowy altar of Dithmenos.
  6833 | D:6      | Reached skill level 5 in Dodging
  7144 | D:6      | Identified the +0 leather armour of Floral Leaves {rF+
                  | Str+6}
  7164 | D:6      | Reached skill level 1 in Fighting
  7218 | D:6      | Identified the +3 leather armour of Kuunus {Rampage *Slow
                  | rN+ Str+6}
  7228 | D:6      | Reached * piety under Vehumet
  7228 | D:6      | Offered knowledge of Magic Dart by Vehumet.
  7231 | D:6      | Learned a level 1 spell: Magic Dart
  7315 | D:6      | Found a staircase to the Ecumenical Temple.
  7362 | D:6      | Reached skill level 6 in Dodging
  7947 | D:6      | Reached skill level 5 in Spellcasting
  7994 | D:6      | Reached skill level 1 in Conjurations
  8000 | D:6      | Learned a level 4 spell: Hailstorm
  8231 | D:7      | Found a transporter.
  8263 | D:7      | Reached XP level 9. HP: 61/68 MP: 16/16
  8344 | D:7      | Found a bloodstained altar of Trog.
  8438 | D:7      | Found a transporter.
  8459 | D:7      | Found an ancient bone altar of Kikubaaqudgha.
  8463 | D:7      | Noticed Menkaure
  8515 | D:7      | Found a basalt altar of Yredelemnul.
  9268 | D:8      | Found an ornate altar of the Wu Jian Council.
  9269 | D:8      | Found a glowing golden altar of the Shining One.
  9713 | D:8      | Reached ** piety under Vehumet
  9714 | D:8      | Reached skill level 5 in Conjurations
  9715 | D:8      | Offered knowledge of Sandblast by Vehumet.
  9718 | D:8      | Learned a level 1 spell: Sandblast
  9723 | D:8      | Learned a level 4 spell: Ice Form
  9863 | D:8      | Reached skill level 7 in Dodging
  9879 | D:8      | Reached skill level 1 in Transmutations
 10231 | D:8      | Reached XP level 10. HP: 71/78 MP: 19/19
 10568 | D:8      | Found the +5 scythe "Finisher" {speed, eviscerate}
 11208 | D:9      | Offered knowledge of Mephitic Cloud by Vehumet.
 11217 | D:9      | Learned a level 3 spell: Mephitic Cloud
 11350 | D:9      | Found a staircase to the Orcish Mines.
 11367 | D:9      | Reached *** piety under Vehumet
 11378 | D:9      | HP: 2/78 [troll (7)]
 12173 | D:9      | Upgraded the game from 0.27-a0-489-g24c7b1a3ef to
                  | 0.29-a0-393-g47a863cc1b
 12238 | D:10     | Entered Level 10 of the Dungeon
 12254 | D:10     | Reached skill level 8 in Dodging
 12974 | D:10     | Found a staircase to the Lair.
 13013 | D:10     | Identified the +5 pair of gloves of Bizidytz {Harm Will+
                  | Slay-3}
 13169 | D:10     | Reached skill level 5 in Transmutations
 13449 | D:10     | Noticed a two-headed ogre
 13654 | D:10     | Noticed a cyclops
 13686 | D:10     | Killed a cyclops
 13687 | D:10     | Reached XP level 11. HP: 61/84 MP: 11/22
 13810 | D:10     | Killed a two-headed ogre
 13942 | D:10     | Offered knowledge of Olgreb's Toxic Radiance by Vehumet.
 14207 | Orc:1    | Entered Level 1 of the Orcish Mines
 14304 | Lair:1   | Entered Level 1 of the Lair of Beasts
 14385 | D:10     | Reached skill level 9 in Dodging
 14874 | D:10     | Reached skill level 1 in Poison Magic
 17197 | D:12     | Noticed a brown ugly thing
 17217 | D:12     | Killed from afar by a gargoyle

Illustrated notes

Levels and vault maps discovered:
D:1:      psy_arrival_terrarium, layout_basic
D:2:      wad_crossroads, layout_basic, minmay_crystal_water, uniq_jessica
D:3:      layout_rooms, uniq_crazy_yiuf_cottage, uniq_sigmund
D:4:      layout_loops_ring, lemuel_coloured_pillars_altar,
          chequers_temple_overflow_statue_of_worship, overflow_temple_1_default,
          nemelex_xobeh_ov_fountains_minmay, serial_shops,
          nicolae_shop_statue_plus, uniq_pikel
D:5:      layout_loops_cross, grunt_dithmenos_smoke, fedhas_altar_3,
          serial_shops, kennysheep_little_box, shop
D:6:      layout_loops_ring, temple_pool_b
D:7:      layout_loops_ring, gammafunk_temple_of_torment, trog_ov_bears_minmay
D:8:      layout_cave_pools, amethyst_overflow_temple_binary,
          minmay_guarded_unrand_finisher
D:9:      layout_rooms, kennysheep_orc_monster_closet_entryway
D:10:     layout_cave_pools, due_lair_maze_entry_diamond,
          kennysheep_big_empty_room, lightli_minifort
D:11:     layout_basic
D:12:     layout_layer_cave
Lair:1:   layout_big_grid, gammafunk_ghost_split, grunt_megastairs_1,
          lemuel_fruit_fields
Orc:1:    layout_caves

Skill      XL: |  1  2  3  4  5  6  7  8  9 10 11 |
---------------+----------------------------------+-----
Dodging        | 2 3 4 6 7 8 9 |  9.5
Stealth        | 2 3 |  3.0
Spellcasting   | 3 4 5 6 7 8 |  8.1
Ice Magic      | 5 6 7 8 |  8.7
Staves         | 3 5 6 |  6.0
Fighting       | 2 4 |  4.0
Conjurations   | 2 5 |  5.0
Transmutations | 1 5 6 |  6.9
Poison Magic   | 2 |  2.0

Action                   |  1- 3 |  4- 6 |  7- 9 | 10-12 || total
-------------------------+-------+-------+-------+-------++-------
Melee: Club              |     9 |       |       |       ||     9
       Whip              |    78 |    43 |       |       ||   121
       Tailslap          |     8 |    11 |    28 |    13 ||    60
       Quarterstaff      |       |    59 |   201 |   132 ||   392
       Unarmed           |       |       |    26 |   334 ||   360
 Cast: Freeze            |    27 |    26 |    40 |    46 ||   139
       Frozen Ramparts   |     1 |    12 |    31 |    18 ||    62
       Ozocubu's Armour  |       |     2 |    15 |    10 ||    27
       Magic Dart        |       |       |     2 |    15 ||    17
       Ice Form          |       |       |     2 |    22 ||    24
       Mephitic Cloud    |       |       |       |    20 ||    20
       Hailstorm         |       |       |       |    13 ||    13
 Abil: Breathe Dispellin |       |       |     4 |     6 ||    10
       End Transformatio |       |       |     1 |     1 ||     2
  Use: Scroll            |       |     7 |     7 |     7 ||    21
       Potion            |       |       |       |     2 ||     2
 Stab: Sleeping          |     4 |     6 |     2 |       ||    12
       Confused          |       |       |       |     3 ||     3
       Distracted        |       |       |       |     1 ||     1
Armor: Skin              |    38 |    37 |   132 |   273 ||   480
Dodge: Dodged            |    73 |    90 |   233 |   454 ||   850

Table legend: (Time is in decaauts)
 A = Elapsed time spent in this place.
 B = Non-inter-level travel time spent in this place.
 C = Inter-level travel time spent in this place.
 D = Time resting spent in this place.
 E = Time spent auto-exploring this place.
 F = Levels seen in this place.
 G = Mean time per level.
                   A        B        C        D        E       F      G
               +--------+--------+--------+--------+--------+-----+--------+
         Total |  17333 |  16686 |    647 |   5761 |   8046 |  14 | 1238.1 |
       Dungeon |  17095 |  16450 |    645 |   5646 |   8030 |  12 | 1424.6 |
          Lair |    235 |    235 |      0 |    115 |     16 |   1 |  235.0 |
  Orcish Mines |      1 |      1 |      0 |      0 |      0 |   1 |    1.0 |
               +--------+--------+--------+--------+--------+-----+--------+

Top non-repeatable levels by time:
     D:9: 2646 daAuts
     D:2: 2233 daAuts
    D:10: 2034 daAuts
    D:11: 1431 daAuts
     D:7: 1398 daAuts
     D:3: 1287 daAuts
     D:4: 1272 daAuts
     D:8: 1204 daAuts
     D:1: 1158 daAuts
     D:6: 1145 daAuts
     D:5: 1072 daAuts
  Lair:1: 235 daAuts
    D:12: 209 daAuts
   Orc:1: 1 daAuts
